 Dungeon Crawl Stone Soup version 0.20.1-1-g8b1a95d (webtiles) character file.

40 Monsterracer the Chiller (level 3, 0/24 HPs)
             Began as a Barachi Ice Elementalist on Aug 9, 2017.
             Slain by Jessica
             ... wielding a +0 dagger
              (4 damage)
             ... on level 2 of the Dungeon.
             The game lasted 00:04:39 (1415 turns).

Monsterracer the Chiller (Barachi Ice Elementalist) Turns: 1415, Time: 00:04:39

Health: 0/24       AC:  2    Str:  9    XL:     3   Next: 50%
Magic:  3/6        EV: 12    Int: 16    God:
Gold:   72         SH:  0    Dex: 12    Spells: 1/7 levels left

rFire    x . .     SeeInvis .   g - +0 dagger
rCold    + . .     Gourm    .   (no shield)
rNeg     . . .     Faith    .   a - +0 robe
rPois    .         Spirit   .   (no helmet)
rElec    .         Reflect  .   (no cloak)
rCorr    .         Harm     .   (no gloves)
MR       .....                  (no boots)
Stlth    ++........             (no amulet)
Regen    0.1/turn               e - ring of ice
MPRegen  0.1/turn               (no ring)

@: slow
A: +LOS, swims, slowness 1, strong legs 1
a: Hop


You were on level 2 of the Dungeon.
You were very hungry.

You visited 1 branch of the dungeon, and saw 2 of its levels.

You collected 72 gold pieces.

Inventory:

Hand Weapons
 g - a +0 dagger (weapon)
Armour
 a - a +0 robe (worn)
 h - a +3 leather armour
Jewellery
 e - a ring of ice (left hand)
Scrolls
 d - 4 scrolls of identify {unknown}
 f - a scroll of teleportation {unknown}
 k - a scroll of magic mapping {unknown}
Potions
 i - a potion of resistance {unknown}
 j - a potion of haste {unknown}
 l - 2 potions of flight {unknown}
Books
 b - a book of Frost

   Spells                             Type                      Level
   a - Freeze                         Ice                          1
   b - Throw Frost                    Conjuration/Ice              2
   c - Ozocubu's Armour               Charms/Ice                   3
   d - Throw Icicle                   Conjuration/Ice              4
   e - Summon Ice Beast               Ice/Summoning                4
Comestibles
 c - a bread ration
 m - a meat ration


   Skills:
 - Level 2.1 Dodging
 - Level 1.7 Stealth
 + Level 2.6 Spellcasting
 * Level 1.8 Conjurations
 * Level 4.7 Ice Magic


You had one spell level left.
You knew the following spells:

 Your Spells              Type           Power        Failure   Level  Hunger
a - Freeze                Ice            ####         2%          1    #......
b - Throw Frost           Conj/Ice       ###...       8%          2    ##.....
c - Ozocubu's Armour      Chrm/Ice       ##......     22%         3    ###....


Dungeon Overview and Level Annotations

Branches:
Dungeon (2/15)

Altars:
Ashenzari
Ru

Annotations:
D:2 Jessica


Innate Abilities, Weirdness & Mutations

Shadows flee at your approach. (+LOS)
You can swim through water.
You cover ground slowly.
You can hop short distances.


Message History

Jessica blinks!
The rat bites you.
* * * LOW HITPOINT WARNING * * *
Damage: -8%(-2hp) hp: 38%(9hp) Jessica mumbles some strange words.
Jessica blinks!
The rat twitches its whiskers.
You hit Jessica.
Jessica is lightly wounded.
Jessica gestures at you while chanting. Pain shoots through your body!
* * * LOW HITPOINT WARNING * * *
The rat bites you.
* * * LOW HITPOINT WARNING * * *
You barely miss Jessica.
Jessica is lightly wounded.
Jessica hits you with a dagger.
* * * LOW HITPOINT WARNING * * *
The rat completely misses you. Jessica hits you with a dagger.
You die...

##### ####### # #...# ......#
############...##########.....$#.
...............'...†.@††.........
############...#########.......#
# #####...#<#....w....#...# #
#......§#@#........)# .# #
#.#####.#@#.........# #
#....#..#r#.....%...# #
####.#.##.#.........# #
#.#.##.#.........# #
#######.#....#######.###
#####.....#.######### #.#
....................#
#.###.....###.#####.# #.########
#....#


You could see Jessica and a rat.

Vanquished Creatures
  An adder (D:2)
  A worm (D:2)
  2 dart slugs
  3 bats (D:1)
  3 giant cockroaches (D:1)
  3 hobgoblins
  3 jackals (D:2)
  A kobold (D:2)
  4 goblins
  2 rats (D:1)
23 creatures vanquished.

Notes
Turn   | Place    | Note
-------+----------+-------------------------------------------
     0 | D:1      | Monsterracer the Barachi Ice Elementalist began the quest for the Orb.
     0 | D:1      | Reached XP level 1. HP: 13/13 MP: 3/3
   283 | D:1      | Found a shattered altar of Ashenzari.
   285 | D:1      | Reached skill level 4 in Ice Magic
   383 | D:1      | Reached XP level 2. HP: 13/19 MP: 5/5
   390 | D:1      | Learned a level 2 spell: Throw Frost
  1083 | D:2      | Found a sacrificial altar of Ru.
  1180 | D:2      | HP: 9/19 [goblin/club (7)]
  1182 | D:2      | Reached XP level 3. HP: 12/24 MP: 3/6
  1334 | D:2      | Learned a level 3 spell: Ozocubu's Armour
  1384 | D:2      | Noticed Jessica
  1392 | D:2      | HP: 12/24 [jackal (1)]
  1412 | D:2      | HP: 9/24 [rat (2)]
  1415 | D:2      | HP: 4/24 [Jessica/dagger (1)]
  1415 | D:2      | Slain by Jessica

Skill      XL: |  1 |
---------------+----+-----
Ice Magic      | 4 |  4.7
Dodging        | |  2.1
Stealth        | |  1.7
Spellcasting   | |  2.6
Conjurations   | |  1.8

Action                   || total
-------------------------++-------
Melee: Dagger            ||    32
       Unarmed           ||     1
 Cast: Freeze            ||    31
       Throw Frost       ||     1
 Stab: Sleeping          ||     3
  Eat: Chunk             ||     1
Armor: Robe              ||    11
Dodge: Dodged            ||    31
